 Dungeon Crawl Stone Soup version 0.31-a0-986-g5e6e4ef867 (webtiles) character file.

Game seed: 16845477271879658160

35522 croobank the Covert (level 13, -2/91 HPs)
             Began as an Octopode Fire Elementalist on Nov 16, 2023.
             Was an Elder of Ashenzari.
             Slain by a skyshark (5 damage)
             ... on level 2 of the Lair of Beasts.
             The game lasted 01:18:06 (21487 turns).

croobank the Covert (Octopode Fire Elementalist)   Turns: 21487, Time: 01:18:07

Health: -2/91      AC: 12    Str: 14    XL:     13   Next: 84%
Magic:  23/36      EV:  8    Int: 30    God:    Ashenzari [****..]
Gold:   1647       SH:  0    Dex: 13    Spells: 8/31 levels left

rFire   x x .        a - +5 flail "Syjooq" {flame, +Blink rPois rN+}
rCold   + + .        t - +4 kite shield "Distant Omen" {rN+, Fort, Dev} (curse)
rNeg    + + .        T - +3 hat of Pondering {ponderous, Will+ MP+10 Int+5, Bglg, Comp} (curse)
rPois   +            (no amulet)
rElec   +            h - ring "Ruined Together" {Wiz rElec rPois Dex-2 SInv, Self, Elem} (curse)
rCorr   +            d - ring of the Elysian Seer {AC+4, Self, Alch} (curse)
SInv    +            f - ring of ice
Will    .....        m - ring "Eternal Lifelessness" {AC+4, Comp, Range} (curse)
Stlth   ++++++       v - ring "Tethered Serendipity" {rCorr, Dev, Comp} (curse)
HPRegen 0.35/turn    P - ring of Ashenzari's Disgust {Str+6, Comp, Range} (curse)
MPRegen 0.25/turn    L - ring of ice
                     p - ring of the Visionary Comet {Int+6, Range, Dev} (curse)

%: clarity, wizardry (x1)
@: weak-willed, marked, very slightly contaminated, held, slow
A: almost no armour, amphibious, 8 rings, camouflage 1, gelatinous body 1,
(nimble swimmer 1), tentacles
a: Renounce Religion, Evoke Blink, Shatter the Chains


You were on level 2 of the Lair of Beasts.
You worshipped Ashenzari.
Ashenzari was greatly pleased with you.
You visited 3 branches of the dungeon, and saw 16 of its levels.
You also visited: Ossuary, Bailey and Ice Cave.

You collected 1647 gold pieces.

Inventory:

Hand Weapons
 a - the +5 flail "Syjooq" (weapon) {flame, +Blink rPois rN+}
   (You took it off a gnoll on level 4 of the Dungeon)

   rPois:     It protects you from poison rN+: It protects you from negative
   energy.
   +Blink:    It lets you blink.
 c - a +3 dagger of speed
 e - a +2 hand axe of flaming
 k - a +3 shortbow
 F - a +4 eveningstar of flaming
 I - a +0 broad axe
Missiles
 s - 17 boomerangs
 y - 2 curare-tipped darts
 R - a throwing net
Armour
 t - the cursed +4 kite shield "Distant Omen" (worn) {rN+, Fort, Dev}
   (You acquired it on level 6 of the Dungeon)

   It has a curse which improves the following skills: Fortitude: Shields.
   Devices:   Evocations and Shapeshifting.
 T - the cursed +3 hat of Pondering (worn) {ponderous, Will+ MP+10 Int+5, Bglg, Comp}
   (You took it off Gastronok on level 11 of the Dungeon)

   Int+5:     It affects your intelligence (+5).
   Will+:     It increases your willpower.
   MP+10:     It affects your magic capacity (+10).
   It has a curse which improves the following skills: Beguiling: Conjurations,
   Hexes and Translocations.
   Companions: Summonings and Necromancy.
Magical Staves
 l - a staff of cold
 V - the staff of Poverty {rF+ Str+4 Fire}
   (You took it off a centaur on level 10 of the Dungeon)

   [staff of fire]

   Base accuracy: +5 Base damage: 5 Base attack delay: 1.2 This weapon's minimum
   attack delay (0.6) is reached at skill level 12.
   Str+4:     It affects your strength (+4).
   rF+:       It protects you from fire.
   Fire:      It increases the power of your Fire spells.
   It falls into the 'Staves' category.
   It is a one-tentacled weapon.
Jewellery
 d - the cursed ring of the Elysian Seer (right tentacle) {AC+4, Self, Alch}
   (You found it on level 1 of the Dungeon)

   [ring of protection]

   AC+4:      It affects your AC (+4).
   It has a curse which improves the following skills: Introspection: Fighting
   and Spellcasting.
   Alchemy:   Poison Magic and Transmutations.
 f - a ring of ice (on tentacle)
 h - the cursed ring "Ruined Together" (left tentacle) {Wiz rElec rPois Dex-2 SInv, Self, Elem}
   (You acquired it on level 3 of the Dungeon)

   [ring of wizardry]

   Wiz:       It improves your spell success rate.
   Dex-2:     It affects your dexterity (-2).
   rElec:     It insulates you from electricity.
   rPois:     It protects you from poison SInv: It lets you see invisible.
   It has a curse which improves the following skills: Introspection: Fighting
   and Spellcasting.
   Elements:  Fire Magic, Ice Magic, Air Magic and Earth Magic.
 m - the cursed ring "Eternal Lifelessness" (on tentacle) {AC+4, Comp, Range}
   (You found it on level 3 of the Dungeon)

   [ring of protection]

   AC+4:      It affects your AC (+4).
   It has a curse which improves the following skills: Companions: Summonings
   and Necromancy.
   Ranged Combat: Ranged Weapons and Throwing.
 p - the cursed ring of the Visionary Comet (on tentacle) {Int+6, Range, Dev}
   (You found it on level 10 of the Dungeon)

   [ring of intelligence]

   Int+6:     It affects your intelligence (+6).
   It has a curse which improves the following skills: Ranged Combat: Ranged
   Weapons and Throwing.
   Devices:   Evocations and Shapeshifting.
 v - the cursed ring "Tethered Serendipity" (on tentacle) {rCorr, Dev, Comp}
   (You found it on level 5 of the Dungeon)

   [ring of resist corrosion]

   rCorr:     It protects you from acid and corrosion.
   It has a curse which improves the following skills: Devices: Evocations and
   Shapeshifting.
   Companions: Summonings and Necromancy.
 w - a ring of protection from fire
 L - a ring of ice (on tentacle)
 M - a ring of flight
 P - the cursed ring of Ashenzari's Disgust (on tentacle) {Str+6, Comp, Range}
   (You found it on level 9 of the Dungeon)

   [ring of strength]

   Str+6:     It affects your strength (+6).
   It has a curse which improves the following skills: Companions: Summonings
   and Necromancy.
   Ranged Combat: Ranged Weapons and Throwing.
Talismans
 g - the beast talisman of Jiofawej {Int+2}
   (You found it on level 2 of the Dungeon)

   [beast talisman]

   Int+2:     It affects your intelligence (+2).
Wands
 o - a wand of acid (10)
 q - a wand of iceblast (25)
 z - a wand of mindburst (11)
 K - a wand of charming (17)
 Q - a wand of digging (7)
 Z - a wand of flame (10)
Scrolls
 n - 3 scrolls of vulnerability
 r - a scroll of silence
 G - 7 scrolls of teleportation
 H - a scroll of poison
 N - 2 scrolls of fog
 S - 2 scrolls of revelation
Potions
 b - a potion of cancellation
 i - 2 potions of mutation
 j - 5 potions of enlightenment
 u - 2 potions of lignification
 x - 2 potions of might
 A - a potion of ambrosia
 B - 5 potions of curing
 C - a potion of resistance
 D - 3 potions of heal wounds
Miscellaneous
 E - a phial of floods (inert)
 W - a lightning rod (4/4)
 X - a phantom mirror
 Y - a condenser vane


   Skills:
 + Level 6.9(9.6) Fighting
 * Level 6.7 Maces & Flails
 + Level 7.7 Dodging
 + Level 10.8 Stealth
 - Level 7.0(8.9) Shields
 + Level 7.0(9.8) Spellcasting
 * Level 8.3(10.2) Conjurations
 * Level 3.6(5.3) Hexes
 * Level 3.8(7.6) Summonings
 * Level 4.5(6.2) Transmutations
 + Level 8.0(9.9) Fire Magic
 * Level 8.0(11.6) Shapeshifting


You had 8 spell levels left.
You knew the following spells:

 Your Spells              Type           Power      Damage    Failure   Level
a - Foxfire               Conj/Fire      100%       2x1d9     1%          1
b - Scorch                Fire           100%       2d9       1%          2
c - Inner Flame           Hex/Fire       57%        N/A       1%          3
d - Flame Wave            Conj/Fire      66%        2d15      1%          4
e - Irradiate             Conj/Tmut      29%        3d21      3%          5
f - Summon Guardian Gole  Hex/Summ       52%        N/A       1%          3
g - Borgnjor's Vile Clut  Necr/Erth      8%         N/A       58%         5

Your spell library contained the following spells:

 Spells                   Type           Power      Damage    Failure   Level
 Kiss of Death            Conj/Necr      100%       2d13      1%          1
 Shock                    Conj/Air       100%       1d9       1%          1
 Sting                    Tmut/Pois      100%       1d8       1%          1
 Jinxbite                 Hex            92%        N/A       1%          2
 Wereblood                Tmut           51%        N/A       1%          2
 Confusing Touch          Hex            46%        N/A       1%          3
 Dazzling Flash           Conj/Hex       100%       N/A       1%          3
 Hailstorm                Conj/Ice       80%        3d16      1%          3
 Ignite Poison            Fire/Tmut/Pois 47%        N/A       1%          3
 Tukima's Dance           Hex            46%        N/A       1%          3
 Volatile Blastmotes      Fire/Tloc      90%        2d17      1%          3
 Sticky Flame             Conj/Fire      66%        2d8       1%          4
 Mephitic Cloud           Conj/Pois/Air  36%        N/A       2%          3
 Freeze                   Ice            100%       1d10      3%          1
 Poisonous Vapours        Pois/Air       32%        N/A       4%          2
 Sublimation of Blood     Necr           18%        N/A       4%          2
 Yara's Violent Unravell  Hex/Tmut       24%        3d11      9%          5
 Frozen Ramparts          Ice            72%        1d11      10%         3
 Ozocubu's Armour         Ice            36%        N/A       10%         3
 Summon Forest            Summ/Tloc      19%        N/A       19%         5
 Freezing Cloud           Conj/Ice/Air   34%        6-21      22%         5
 Alistair's Intoxication  Tmut/Pois      22%        N/A       26%         5
 Olgreb's Toxic Radiance  Pois           16%        N/A       30%         4
 Passage of Golubria      Tloc           16%        N/A       30%         4
 Silence                  Hex/Air        15%        N/A       30%         5
 Orb of Destruction       Conj           33%        9d10      38%         7
 Spellforged Servitor     Conj/Summ      31%        N/A       56%         7
 Summon Hydra             Summ           28%        N/A       75%         7
 Eringya's Noxious Bog    Tmut/Pois      17%        4d6       77%         6
 Enfeeble                 Hex            23%        N/A       96%         7
 Simulacrum               Ice/Necr       19%        N/A       98%         6
 Ignition                 Fire           32%        3d10      98%         8
 Ozocubu's Refrigeration  Ice            18%        4d11      100%        7
 Discord                  Hex            23%        N/A       100%        8
 Lehudib's Crystal Spear  Conj/Erth      23%        10d6      100%        8


Dungeon Overview and Level Annotations

Branches:
Dungeon (13/15)            Temple (1/1) D:6            Lair (2/5) D:10
    Orc (0/2) D:9         Ossuary (visited)          Bailey (visited)
  IceCv (visited)
  Swamp: Lair:2-3    Shoals: Lair:2-3     Snake: Lair:2-3    Spider: Lair:2-3
 Vaults: D:13-14

Altars:
Ashenzari
Cheibriados
Dithmenos
Elyvilon
Fedhas
Gozag
Hepliaklqana
Kikubaaqudgha
Makhleb
Nemelex Xobeh
Okawaru
Qazlal
Ru
Sif Muna
Trog
Uskayaw
Vehumet
Wu Jian
Xom
Yredelemnul
Zin
The Shining One

Shops:
D:3 :

Annotations:
D:9 2 transporters, justen's ghost, novice TrSh


Innate Abilities, Weirdness & Mutations

You cannot wear most types of armour.
You are amphibious.
You can wear up to eight rings at the same time.
Your skin changes colour to match your surroundings (Stealth+).
Your rubbery body absorbs attacks. (AC +1, EV +1)
((You are camouflaged when in or above water. (Stealth+)))
You have tentacles for arms and can constrict up to eight enemies at once.


Message History

You kill the water moccasin!
The flame wave engulfs the cane toad!
The cane toad is almost dead.
The flame wave engulfs Harold!
Harold is almost dead.
The flame wave engulfs the polar bear!!
The polar bear is almost dead.
You hear a shout!
A cane toad comes into view.
The cane toad stings you!
* * * LOW HITPOINT WARNING * * *
Harold casts a spell at you. A sentinel's mark forms upon you.
The polar bear closely misses you. The polar bear misses you.
The polar bear claws you but does no damage.
A dream sheep comes into view.
Okay, then.
Unknown command.
Casting: Flame Wave (mildly dangerous; 1% risk of failure)
Confirm with . or Enter, or press ? or * to list all spells.
Okay, then.
Casting: Flame Wave (mildly dangerous; 1% risk of failure)
Confirm with . or Enter, or press ? or * to list all spells.
You erupt in a fountain of uncontrolled magic!
The cane toad is blasted with magical radiation!!
You kill the cane toad!
The skyshark is blasted with magical radiation!!
The skyshark is moderately wounded.
The skyshark twists and deforms.
Harold is blasted with magical radiation!!
You kill Harold!
The polar bear is blasted with magical radiation!!!
You kill the polar bear!
You are very lightly contaminated with residual magic.
The skyshark bites you.
* * * LOW HITPOINT WARNING * * *
The skyshark tastes blood and grows stronger!
The skyshark tail-slaps you but does no damage.
The skyshark tail-slaps you.
You die...

***,,,,,,,,*,,,,,
,*#........#....,
~,,.........[...,
~~~#............>
~~*#............,
~~~#............,
~~#~...........[,
~~*#...†..!.....,
~,*#...†@.......,
~*,###.l)†......,
*~***###D#.#.###,
*,,**,,....l...,,
,,****,.Y.,...,.,
,,*,**...####~..,
,,*,,*..D#* *#F.,
,,*,,##Y.~****..,
*,*,,*,,,,,,,,,,,


You could see a skyshark (strong, misshapen), a seven-headed hydra, a
five-headed hydra, an elephant, a komodo dragon, a cane toad and a dream sheep.

Vanquished Creatures
  Gastronok (D:11)
  Harold (Lair:2)
  A centaur warrior (D:10)
  A boulder beetle (D:11)
  5 two-headed ogres
  2 death yaks (IceCv)
  A skeletal warrior (D:12)
  A deep elf pyromancer (D:11)
  2 ugly things (D:10)
  3 orc sorcerers (D:10)
  A cyclops (D:10)
  An ice statue (IceCv)
  Maurice (D:10)
  6 cane toads
  An unseen horror (D:10)
  A yaktaur (D:10)
  5 rime drakes
  A kobold demonologist (D:11)
  4 polar bears
  A troll (D:11)
  2 hornets
  Grinder (D:3)
  A blink frog (shapeshifter) (D:10)
  A wyvern (D:7)
  2 shadows
  6 wraiths
  A basilisk (Lair:1)
  A steam dragon (D:7)
  22 yaks
  11 vampire mosquitoes
  2 acid dragons (D:10)
  2 water moccasins
  2 ice beasts
  3 sky beasts
  2 black bears
  4 ogres
  7 orc warriors
  6 wolves (IceCv)
  2 phantoms
  4 centaurs
  5 kobold brigands
  2 elf zombies
  7 scorpions
  6 bullfrogs
  3 elf skeletons (D:7)
  2 gnoll sergeants
  2 killer bees (D:7)
  12 howler monkeys
  3 hounds (D:5)
  A gnoll bouda (D:4)
  3 jellies
  8 orc priests
  3 human zombies
  2 sleepcaps
  4 iguanas
  2 human skeletons (D:7)
  Natasha (D:3)
  5 orc wizards
  Terence (D:2)
  4 mummies (Ossuary)
  18 gnolls
  7 adders
  6 shadow imps
  14 white imps
  4 ufetubi
  An adder zombie (Ossuary)
  A worm (D:2)
  3 dart slugs
  22 orcs
  3 ball pythons
  7 endoplasms
  4 giant cockroaches
  2 gnoll zombies (Ossuary)
  19 goblins
  3 hobgoblins
  10 jackals
  34 kobolds
  6 quokkas
  2 bats (D:2)
  6 frilled lizards
  A hobgoblin zombie (Ossuary)
  3 kobold zombies (Ossuary)
  2 orc skeletons (D:7)
  3 orc zombies
  3 rats (D:1)
  A rat zombie (Ossuary)
383 creatures vanquished.

Vanquished Creatures (collateral kills)
  3 foxfires (D:4)
3 creatures vanquished.

Vanquished Creatures (others)
  A frost giant (IceCv)
  3 death yaks (IceCv)
  3 skeletal warriors (D:12)
  An ugly thing (IceCv)
  2 rime drakes (IceCv)
  A komodo dragon (Lair:2)
  A polar bear (IceCv)
  12 yaks
  3 wolves (IceCv)
  A centaur (D:10)
  A butterfly (D:6)
  985 foxfires
1014 creatures vanquished.

Grand Total: 1400 creatures vanquished

Notes
Turn   | Place    | Note
-------+----------+-------------------------------------------
     0 | D:1      | croobank the Octopode Fire Elementalist began the quest for
                  | the Orb.
     0 | D:1      | Reached XP level 1. HP: 11/11 MP: 3/3
   118 | D:1      | Reached XP level 2. HP: 15/17 MP: 3/5
   168 | D:1      | Reached skill level 3 in Stealth
   319 | D:1      | Learned a level 2 spell: Scorch
   494 | D:1      | Reached XP level 3. HP: 13/21 MP: 3/6
   847 | D:2      | Noticed Terence
   854 | D:2      | Killed Terence
   910 | D:2      | Reached XP level 4. HP: 27/27 MP: 1/7
  1329 | D:2      | Identified the beast talisman of Jiofawej {Int+2}
  1807 | D:3      | Reached XP level 5. HP: 31/31 MP: 6/9
  1878 | D:3      | Noticed Natasha
  1882 | D:3      | Found a basalt altar of Yredelemnul.
  1885 | D:3      | Killed Natasha
  1886 | D:3      | Reached skill level 4 in Stealth
  1886 | D:3      | Found a glowing golden altar of the Shining One.
  1889 | D:3      | Found an opulent altar of Gozag.
  1890 | D:3      | Found a snail-covered altar of Cheibriados.
  2058 | D:3      | Noticed Grinder
  2195 | D:3      | Identified a scroll of acquirement
  2195 | D:3      | Acquired the ring of Biditym {Wiz rElec rPois Dex-2 SInv}
  2204 | D:3      | Killed Grinder
  2205 | D:3      | Reached XP level 6. HP: 18/36 MP: 3/10
  2656 | D:3      | Found Hoosadoe's Book Emporium.
  2944 | D:4      | Reached skill level 5 in Stealth
  2975 | D:4      | Reached XP level 7. HP: 41/41 MP: 0/12
  3725 | D:4      | Learned a level 3 spell: Inner Flame
  3887 | D:5      | Entered Level 5 of the Dungeon
  3905 | D:5      | Identified the +5 flail "Syjooq" {flame, +Blink rPois rN+}
  4261 | D:4      | Reached skill level 6 in Stealth
  4466 | D:5      | Reached XP level 8. HP: 22/46 MP: 11/14
  4629 | D:5      | Reached skill level 1 in Fighting
  4629 | D:5      | Reached skill level 1 in Maces & Flails
  4754 | D:5      | Reached skill level 5 in Fire Magic
  4800 | D:5      | Found a hazy altar of Hepliaklqana.
  4930 | D:5      | Reached skill level 1 in Shapeshifting
  5486 | D:6      | Found a white marble altar of Elyvilon.
  5763 | D:6      | Reached XP level 9. HP: 25/55 MP: 5/15
  6054 | D:6      | Acquired a +2 kite shield of positive energy
  6257 | D:6      | Found a staircase to the Ecumenical Temple.
  6267 | Temple   | Entered the Ecumenical Temple
  6301 | Temple   | Became a worshipper of Ashenzari the Shackled
  6535 | D:6      | Reached skill level 5 in Dodging
  6535 | D:6      | Reached skill level 7 in Stealth
  6535 | D:6      | Reached skill level 1 in Shields
  6863 | D:7      | Identified the "Irof"
  6863 | D:7      | Identified the of Haelyrry
  6863 | D:7      | Identified the of Lusuuvop
  6954 | D:7      | Found a shimmering blue altar of Sif Muna.
  7136 | D:7      | Reached skill level 5 in Conjurations
  7242 | D:7      | Found a sand-covered staircase.
  7248 | Ossuary  | Entered an ossuary
  7593 | Ossuary  | Reached skill level 5 in Spellcasting
  7745 | D:7      | Reached XP level 10. HP: 64/64 MP: 18/18
  7837 | D:7      | Found a shadowy altar of Dithmenos.
  8673 | D:8      | Reached * piety under Ashenzari
  8961 | D:8      | Found a flagged portal.
  9011 | Bailey   | Entered a bailey
  9795 | D:8      | Found a stormy altar of Qazlal.
  9862 | D:8      | Reached skill level 8 in Stealth
 10187 | D:8      | Found a hide-covered altar of Uskayaw.
 10194 | D:8      | Found a glowing silver altar of Zin.
 10468 | D:8      | Found a blossoming altar of Fedhas.
 10470 | D:8      | Found an ancient bone altar of Kikubaaqudgha.
 11393 | D:9      | Reached skill level 5 in Shapeshifting
 11500 | D:9      | Found a staircase to the Orcish Mines.
 11537 | D:9      | Identified the "Vofim" (You acquired it on level 9 of the
                  | Dungeon)
 11537 | D:9      | Acquired Werre's Annotations on Peccant Ill Luck
 11568 | D:9      | Reached XP level 11. HP: 69/72 MP: 7/21
 11742 | D:9      | Noticed justen's ghost (novice TrSh)
 11968 | D:9      | Found a transporter.
 11984 | D:9      | Noticed an eight-headed hydra
 11999 | D:9      | Reached ** piety under Ashenzari
 12002 | D:9      | Found a transporter.
 12250 | D:9      | You fall into a shaft and drop 1 floor!
 12250 | D:10     | Entered Level 10 of the Dungeon
 12407 | D:10     | Found a staircase to the Lair.
 12415 | D:10     | Identified the +2 robe of Freedom {+Blink MP+9 Str-3}
 12551 | D:11     | Noticed Gastronok
 12667 | D:11     | Killed Gastronok
 12668 | D:11     | Reached skill level 5 in Fighting
 12668 | D:11     | Reached skill level 5 in Shields
 13197 | D:11     | Learned a level 4 spell: Flame Wave
 13345 | D:10     | Reached skill level 5 in Maces & Flails
 13350 | D:10     | Reached skill level 9 in Stealth
 13865 | D:10     | Noticed an orc sorcerer
 13867 | D:10     | Noticed an orc sorcerer
 13870 | D:10     | Killed an orc sorcerer
 13872 | D:10     | Noticed an orc sorcerer
 13877 | D:10     | Killed an orc sorcerer
 13887 | D:10     | Killed an orc sorcerer
 14025 | D:10     | Noticed a centaur warrior
 14032 | D:10     | Killed a centaur warrior
 14037 | D:10     | Noticed a cyclops
 14040 | D:10     | Noticed Maurice
 14044 | D:10     | Killed a cyclops
 14045 | D:10     | Killed Maurice
 14061 | D:10     | Reached XP level 12. HP: 69/81 MP: 8/23
 14369 | D:10     | Identified the staff of Poverty {rF+ Str+4 Fire}
 14853 | D:10     | Learned a level 5 spell: Irradiate
 14857 | D:10     | Learned a level 3 spell: Summon Guardian Golem
 14863 | D:10     | Learned a level 5 spell: Borgnjor's Vile Clutch
 15636 | D:11     | Noticed a boulder beetle
 15646 | D:11     | Killed a boulder beetle
 15647 | D:11     | Reached skill level 1 in Transmutations
 15785 | D:11     | Noticed a two-headed ogre
 15947 | D:11     | Noticed a two-headed ogre
 15949 | D:11     | Killed a two-headed ogre
 15953 | D:11     | Killed a two-headed ogre
 16100 | D:11     | Noticed a two-headed ogre
 16116 | D:11     | Killed a two-headed ogre
 16477 | D:11     | Reached skill level 10 in Stealth
 16589 | D:12     | Reached *** piety under Ashenzari
 17145 | D:12     | Noticed a two-headed ogre
 17156 | D:12     | Killed a two-headed ogre
 17157 | D:12     | Reached skill level 1 in Hexes
 17157 | D:12     | Reached skill level 1 in Summonings
 17895 | D:12     | Noticed a two-headed ogre
 17908 | D:12     | Killed a two-headed ogre
 17909 | D:12     | Reached XP level 13. HP: 89/89 MP: 23/26
 18271 | IceCv    | Identified the "Nojuaris"
 18271 | Lair:1   | Entered Level 1 of the Lair of Beasts
 18371 | Lair:1   | Found a frozen archway.
 18464 | IceCv    | Entered an ice cave
 19032 | IceCv    | Noticed a frost giant
 19457 | IceCv    | Killed a frost giant
 20562 | Lair:1   | Reached **** piety under Ashenzari
 20874 | Lair:1   | Acquired a +4 eveningstar of flaming
 21475 | Lair:2   | Noticed Harold
 21487 | Lair:2   | Killed Harold
 21487 | Lair:2   | HP: 3/91 [skyshark (4)]
 21487 | Lair:2   | Slain by a skyshark

Illustrated notes

Levels and vault maps discovered:
D:1:      amcnicky_arrival_underground_garden, layout_basic
D:2:      layout_basic, serial_glass, glass_columns_a, glass_columns_c,
          minmay_liquid_box, uniq_terence
D:3:      layout_rooms, grunt_temple_overflow_open, serial_shops,
          nicolae_shop_stone, grunt_ministairs_3, kennysheep_donut,
          uniq_grinder, uniq_natasha
D:4:      layout_cave_pods, serial_demonic, serial_demonic_b, serial_demonic_b,
          serial_demonic_g, serial_demonic_c, hangedman_decor_diamond_cutter
D:5:      layout_rooms, nicolae_hepliaklqana_hazy_memory
D:6:      layout_loops_ring, nicolae_elyvilon_peaceful_grove,
          minmay_temple_entry_trees, minmay_fractal_squares_5
D:7:      layout_basic, grunt_dithmenos_smoke, nicolae_sif_muna_little_library,
          nicolae_ossuary_entry_catacombs, minmay_fractal_squares_diagonal_5
D:8:      layout_loops_ring, grunt_temple_overflow_growth_and_decay,
          mainiacjoe_overflow_24_doors, mainiacjoe_overflow_catwalk_spiral,
          enter_bailey_3, minmay_diced_spiral
D:9:      layout_cave_pools, orc_0_dummy, nzn_ghost_randoct
D:10:     minmay_the_grid_plus_closed [minmay_the_grid_odd_star,
          minmay_the_grid_tri_star, minmay_the_grid_zigzag_pyramid,
          minmay_the_grid_outer_circle, minmay_the_grid_prize_trominoes],
          layout_basic, uniq_maurice
D:11:     layout_rooms, minmay_librarian, uniq_gastronok
D:12:     layout_small_grid
D:13:     layout_roguey, skrybe_vaults_entry_preservation
Temple:   hellmonk_temple_beads
Lair:1:   layout_chaotic_city, portal_ice_cave_entry_imps
Lair:2:   layout_cave_pods, alex1729_swamp_entry_worm_eleionoma,
          guppyfry_snake_entry_island, hangedman_lair_generics_rect,
          uniq_nergalle, uniq_harold

Skill      XL: |  1  2  3  4  5  6  7  8  9 10 11 12 13 |
---------------+----------------------------------------+-----
Stealth        | 3 4 5 6 7 8 9 10 | 10.8
Conjurations   | 2 3 4 5 6 7 8 |  8.3
Dodging        | 3 4 5 6 7 |  7.7
Spellcasting   | 3 4 5 6 7 |  7.0
Fire Magic     | 4 5 6 7 8 |  8.0
Fighting       | 2 3 4 5 6 |  6.9
Maces & Flails | 2 3 4 5 6 |  6.7
Shapeshifting  | 2 3 5 6 7 8 |  8.0
Shields        | 2 4 6 7 |  7.0
Transmutations | 3 4 |  4.5
Hexes          | 2 3 |  3.6
Summonings     | 2 3 |  3.8

Action                     |  1- 3 |  4- 6 |  7- 9 | 10-12 | 13-15 || total
---------------------------+-------+-------+-------+-------+-------++-------
  Melee: Unarmed           |    12 |       |       |       |       ||    12
         Tentacles         |     8 |    10 |    34 |    25 |    12 ||    89
         Constrict         |     8 |    10 |    24 |    13 |     3 ||    58
         Dagger            |    18 |    49 |    36 |       |       ||   103
         Punch             |       |     1 |     3 |     2 |     1 ||     7
         Flail             |       |       |    69 |    98 |    45 ||   212
   Fire: Shortbow          |       |       |    27 |       |       ||    27
   Cast: Foxfire           |    31 |    37 |   108 |   307 |   114 ||   597
         Scorch            |     6 |    14 |    79 |   232 |    89 ||   420
         Inner Flame       |       |       |       |     4 |       ||     4
         Flame Wave        |       |       |       |     7 |     3 ||    10
         Summon Guardian G |       |       |       |     6 |    20 ||    26
         Irradiate         |       |       |       |       |     3 ||     3
 Invoke: Curse Item        |       |       |     1 |     5 |     2 ||     8
  Evoke: Wand              |       |       |       |     4 |     2 ||     6
         Phial of floods   |       |       |       |       |     1 ||     1
    Use: Potion            |     1 |       |     5 |     1 |     4 ||    11
         Scroll            |       |     6 |    10 |     9 |     5 ||    30
   Stab: Sleeping          |     2 |     5 |     6 |     6 |       ||    19
         Distracted        |       |     1 |       |       |     1 ||     2
 Armour: Skin              |    13 |    20 |    97 |   144 |    83 ||   357
  Dodge: Dodged            |    20 |    29 |   110 |   142 |    44 ||   345
  Block: Kite shield       |       |       |       |   147 |    50 ||   197
   Form: Beast             |       |     1 |       |       |       ||     1
                           |       |       |       |     1 |       ||     1

Table legend: (Time is in decaauts)
 A = Elapsed time spent in this place.
 B = Non-inter-level travel time spent in this place.
 C = Inter-level travel time spent in this place.
 D = Time resting spent in this place.
 E = Time spent auto-exploring this place.
 F = Levels seen in this place.
 G = Mean time per level.
                   A        B        C        D        E       F      G
               +--------+--------+--------+--------+--------+-----+--------+
         Total |  21834 |  21069 |    765 |   7343 |   9170 |  19 | 1149.2 |
       Dungeon |  17198 |  16506 |    692 |   5216 |   8015 |  13 | 1322.9 |
        Temple |     67 |      2 |     65 |      0 |      0 |   1 |   67.0 |
          Lair |   1317 |   1309 |      8 |    273 |    774 |   2 |  658.5 |
       Ossuary |    475 |    475 |      0 |    191 |    160 |   1 |  475.0 |
        Bailey |    761 |    761 |      0 |    366 |     85 |   1 |  761.0 |
      Ice Cave |   2014 |   2014 |      0 |   1297 |    135 |   1 | 2014.0 |
               +--------+--------+--------+--------+--------+-----+--------+

Top non-repeatable levels by time:
    D:10: 2925 daAuts
   IceCv: 2014 daAuts
     D:4: 1824 daAuts
    D:12: 1665 daAuts
     D:7: 1629 daAuts
     D:8: 1584 daAuts
    D:11: 1537 daAuts
  Lair:1: 1305 daAuts
     D:6: 1209 daAuts
     D:9: 1046 daAuts
     D:5: 1018 daAuts
     D:2: 989 daAuts
     D:3: 963 daAuts
  Bailey: 761 daAuts
     D:1: 758 daAuts
